 Dungeon Crawl Stone Soup version 0.28-a0-1624-g820543e53a (webtiles) character file.

Game seed: 7915890702049867293

125 horus123 the Skirmisher (level 5, 0/44 HPs)
             Began as a Formicid Fighter on Jan 23, 2022.
             Succumbed to an orc's poison
             ... on level 3 of the Dungeon.
             The game lasted 00:05:27 (2313 turns).

horus123 the Skirmisher (Formicid Fighter)          Turns: 2313, Time: 00:05:27

Health: 0/44       AC: 10    Str: 22    XL:     5   Next: 30%
Magic:  5/5        EV:  7    Int:  8    God:
Gold:   91         SH:  4    Dex: 10    Spells: 4/4 levels left

rFire   + . .      SeeInvis +   j - +0 broad axe
rCold   + . .      Faith    .   c - +0 buckler
rNeg    . . .      Spirit   .   h - +1 chain mail
rPois   +          Reflect  .   (helmet unavailable)
rElec   +          Harm     .   f - scarf {shadows}
rCorr   +          Rampage  .   (no gloves)
Will    .....                   (no boots)
Stlth   ..........              (no amulet)
HPRegen 0.14/turn               (no ring)
MPRegen 0.09/turn               (no ring)

@: lethally poisoned (0 -> -2), resistant
A: permanent stasis, dig shafts and tunnels, antennae 3, four strong arms, claws
1, hooves 1
a: Dig, Shaft Self


You were on level 3 of the Dungeon.
You visited 1 branch of the dungeon, and saw 3 of its levels.

You collected 91 gold pieces.

Inventory:

Hand Weapons
 a - a +0 long sword
 j - a +0 broad axe (weapon)
Armour
 b - a +0 scale mail
 c - a +0 buckler (worn)
 f - a scarf of shadows (worn)
 h - a +1 chain mail (worn)
Scrolls
 i - 2 scrolls of teleportation
Potions
 d - a potion of might
 l - a potion of resistance
 m - a potion of degeneration


   Skills:
 - Level 5.0 Fighting
 - Level 2.0 Long Blades
 + Level 3.0 Axes
 - Level 3.2 Armour
 - Level 3.6 Shields


You had 4 spell levels left.
You didn't know any spells.
Your spell library contained the following spells:

 Spells                   Type           Power      Damage    Failure   Level
 Freeze                   Ice            0%         1d3       99%         1
 Sandblast                Erth           0%         2d4       99%         1
 Passwall                 Tmut/Erth      0%         N/A       100%        2
 Frozen Ramparts          Ice            0%         1d2       100%        3
 Stone Arrow              Conj/Erth      0%         3d7       100%        3
 Hailstorm                Conj/Ice       0%         3d3       100%        4
 Sticky Flame             Conj/Fire      0%         2d3       100%        4
 Summon Forest            Summ/Tloc      0%         N/A       100%        5
 Conjure Ball Lightning   Conj/Air       0%         3x3d6     100%        6
 Eringya's Noxious Bog    Tmut/Pois      0%         N/A       100%        6
 Summon Hydra             Summ           0%         N/A       100%        7
 Fire Storm               Conj/Fire      0%         5d1       100%        9


Dungeon Overview and Level Annotations

Branches:
Dungeon (3/15)

Altars:


Innate Abilities, Weirdness & Mutations

You cannot be hasted, slowed, berserked, paralysed or teleported.
You can dig through walls and to a lower floor.
You have a pair of large antennae on your head. (SInv)
Your four strong arms can wield two-handed weapons with a shield.
You have sharp fingernails.
You have large cloven feet.


Message History

You are poisoned.
The orc hits you with a +0 dagger of venom.
You are more poisoned.
An orc comes into view. It is wielding a +0 mace.
You barely miss the orc.
You feel extremely sick. The orc hits you but does no damage.
You are lethally poisoned!
You slash the orc!
You kill the orc!
You closely miss the orc.
You feel extremely sick. The orc barely misses you.
Your Axes skill increases to level 3!
You are too injured to fight recklessly!
You are too injured to fight recklessly!
Unknown command.
You are too injured to fight recklessly!
You feel very sick.
It was a potion of mutation.
You feel extremely strange.
Your feet thicken and deform.
Your fingernails lengthen.
* * * LOW HITPOINT WARNING * * *
You feel very sick. The orc misses you. The orc hits you but does no damage.
* * * LOW HITPOINT WARNING * * *
You feel very sick.
* * * LOW HITPOINT WARNING * * *
You feel very sick.
* * * LOW HITPOINT WARNING * * *
You feel sick.
You feel protected.
* * * LOW HITPOINT WARNING * * *
You feel sick. The orc hits you but does no damage. x2
Okay, then.
You feel protected.
* * * LOW HITPOINT WARNING * * *
You feel sick. You block the orc's attack. The orc barely misses you.
* * * LOW HITPOINT WARNING * * *
You feel sick.
You die...

.! #............ #
#.#.#)#.##.#.# .#
#...#........##..
##.#......#.#...
...#.#......#.# #
#.....o..#...#
#.##.#.##o#.#.#.#
.............#...
#.##.###@##.#.#.##..
#......)........# ..
#.####.###.##.#.# .
#.####.###.##.#.#
#................
#####.#..........
#........#####
##..#.........
#.##....####


You could see 2 orcs.

Vanquished Creatures
  3 gnolls (D:2)
  2 adders (D:2)
  A worm (D:2)
  3 orcs (D:3)
  9 bats
  4 endoplasms
  5 giant cockroaches
  5 goblins
  6 hobgoblins
  6 jackals
  6 kobolds
  2 quokkas
  7 ball pythons
  5 frilled lizards
  4 rats
68 creatures vanquished.

Notes
Turn   | Place    | Note
-------+----------+-------------------------------------------
     0 | D:1      | horus123 the Formicid Fighter began the quest for the Orb.
     0 | D:1      | Reached XP level 1. HP: 18/18 MP: 1/1
   249 | D:1      | Reached XP level 2. HP: 20/25 MP: 2/2
   469 | D:1      | Reached skill level 4 in Fighting
   471 | D:1      | Found a faded altar of an unknown god.
   919 | D:1      | Reached XP level 3. HP: 31/31 MP: 3/3
  1063 | D:1      | Got Yboen's Incunabulum of Attacks
  1334 | D:2      | Reached skill level 5 in Fighting
  1402 | D:2      | Reached XP level 4. HP: 39/39 MP: 4/4
  1484 | D:2      | Reached skill level 1 in Axes
  1802 | D:2      | Reached XP level 5. HP: 24/44 MP: 5/5
  2306 | D:3      | Gained mutation: You have large cloven feet. [potion of
                  | mutation]
  2306 | D:3      | Gained mutation: You have sharp fingernails. [potion of
                  | mutation]
  2311 | D:3      | HP: 2/44 [poisoned by an orc]
  2313 | D:3      | Succumbed to an orc's poison

Illustrated notes

Levels and vault maps discovered:
D:1:      saegor_arrival_under_anarchy, layout_basic,
          hellmonk_ecumenical_altar_run_dry, kennysheep_nondescript,
          hangedman_decor_clover_reticule, minmay_split_cup_small
D:2:      layout_basic, minmay_small_reverse_x
D:3:      layout_rooms, minivault_11, minmay_diced_spiral

Skill      XL: |  1  2  3  4  5 |
---------------+----------------+-----
Fighting       | 4 5 |  5.0
Axes           | 2 3 |  3.0
Long Blades    | |  2.0
Armour         | |  3.2
Shields        | |  3.6

Action                   |  1- 3 |  4- 6 || total
-------------------------+-------+-------++-------
Melee: Long sword        |    95 |       ||    95
       Broad axe         |    13 |    94 ||   107
  Use: Scroll            |     2 |     4 ||     6
       Potion            |       |     5 ||     5
Armor: Scale mail        |    57 |    21 ||    78
       Chain mail        |       |    66 ||    66
Dodge: Dodged            |    59 |    65 ||   124
Block: Buckler           |    35 |    30 ||    65

Table legend: (Time is in decaauts)
 A = Elapsed time spent in this place.
 B = Non-inter-level travel time spent in this place.
 C = Inter-level travel time spent in this place.
 D = Time resting spent in this place.
 E = Time spent auto-exploring this place.
 F = Levels seen in this place.
 G = Mean time per level.
                   A        B        C        D        E       F      G
               +--------+--------+--------+--------+--------+-----+--------+
         Total |   2400 |   2367 |     33 |    555 |   1204 |   3 |  800.0 |
       Dungeon |   2400 |   2367 |     33 |    555 |   1204 |   3 |  800.0 |
               +--------+--------+--------+--------+--------+-----+--------+

Top non-repeatable levels by time:
     D:1: 1343 daAuts
     D:2: 925 daAuts
     D:3: 132 daAuts
